 Dungeon Crawl Stone Soup version 0.23-a0-108-gf7ee2ed (webtiles) character file.

98 GrunderHorse the Ducker (level 4, 0/22 HPs)
             Began as a Felid Berserker on Aug 21, 2018.
             Was a Follower of Uskayaw.
             Slain by a black bear (1 damage)
             ... created by the rage of Trog
             ... on level 4 of the Dungeon.
             The game lasted 00:04:50 (2971 turns).

GrunderHorse the Ducker (Felid Berserker)           Turns: 2971, Time: 00:04:50

Health: 0/22       AC:  1    Str: 13    XL:     4   Next: 44%
Magic:  5/5        EV: 27    Int:  8    God:    Uskayaw [*.....]
Gold:   207        SH:  0    Dex: 22    Spells: 3/3 levels left
                                        Lives:  0   Deaths: 1

rFire    . . .     SeeInvis +     - Unarmed
rCold    . . .     Gourm    .   (shield unavailable)
rNeg     . . .     Faith    .   (armour unavailable)
rPois    .         Spirit   .   (helmet unavailable)
rElec    .         Reflect  .   (cloak unavailable)
rCorr    .         Harm     .   (gloves unavailable)
MR       .....                  (boots unavailable)
Stlth    ++++++....             o - amulet of regeneration
HPRegen  0.47/turn              c - ring of stealth
MPRegen  0.09/turn              (no ring)

@: agile, quick
A: very small, no armour, no weapons or thrown items, stealth, claws 1, fangs 3,
see invisible, carnivore, speed 1, shaggy fur 1, slow metabolism 1, sharp paws
a: Stomp, Renounce Religion


You were on level 4 of the Dungeon.
You worshipped Uskayaw.
Uskayaw was noncommittal.
You were completely stuffed.

You visited 1 branch of the dungeon, and saw 4 of its levels.

You collected 207 gold pieces.

Inventory:

Missiles
 r - 22 arrows
Jewellery
 c - a ring of stealth (left paw)
 o - an amulet of regeneration (around neck)
Scrolls
 b - a scroll of magic mapping
 d - 7 scrolls of identify
 f - 3 scrolls of remove curse {unknown}
 g - a scroll of amnesia {unknown}
 j - a scroll of enchant armour {unknown}
 l - 2 scrolls of teleportation {unknown}
 q - a scroll of random uselessness {unknown}
Potions
 h - a potion of magic
 i - a potion of heal wounds
 k - a potion of curing
Comestibles
 a - 8 rations
 m - 5 chunks of flesh


   Skills:
 - Level 3.8 Fighting
 - Level 5.1 Dodging
 + Level 4.4 Stealth
 - Level 3.7 Unarmed Combat


You had 3 spell levels left.
You didn't know any spells.
Your spell library was empty.

Dungeon Overview and Level Annotations

Branches:
Dungeon (4/15)             Temple (0/1) D:4

Altars:
Uskayaw


Innate Abilities, Weirdness & Mutations

You cannot wear armour.
You are incapable of wielding weapons or throwing items.
Your paws allow you to move quietly. (Stealth)
You have sharp claws.
You have razor-sharp teeth.
You have supernaturally acute eyesight. (SInv)
You are carnivorous and can eat meat at any time.
You cover ground quickly.
You are covered in fur. (AC +1)
You have a slow metabolism.
Your sharp claws are effective at attacking unaware monsters.


Message History

You scratch the polar bear.
You bite the polar bear, but do no damage.
The polar bear is lightly wounded.
The polar bear completely misses you. The polar bear misses you.
The polar bear claws you. The black bear completely misses you.
The black bear misses you. The black bear claws you. The black bear bites you.
The black bear closely misses you.
The black bear claws you but does no damage.
You scratch the polar bear. Your bite misses the polar bear.
The polar bear is moderately wounded.
The polar bear barely misses you. x2; The polar bear misses you.
The black bear bites you!
* * * LOW HITPOINT WARNING * * *
The black bear completely misses you. The black bear claws you.
* * * LOW HITPOINT WARNING * * *
You scratch the polar bear.
The polar bear is moderately wounded.
The black bear misses you. The black bear closely misses you.
The black bear claws you.
You die...

.#........##.....#*,#..†hh###.##,
..................###.##hh.h.....
................#.....#)÷####.##.
..............................#,,
.....................#...#...##,,
..............##................*
................#.##........##..*
................hh###........,,.8
................@h.........###,,8
................##..#..###..,,,,8
.)..##.....###.##**.#*,,,,,,,,,,*
......####.....# *,#**,,,,,,,,,,
......# ####..# *,,*,,,,,,,,,,,
......# #..# **,,,,,,,,,,,,,
......# #### ***,,,,,,,,,,,
......# *,,,,,,,,,,, ......#
*,,,,,,,,,,,


You could see a polar bear and 2 black bears.

Vanquished Creatures
  An orc wizard (D:4)
  5 adders
  An ooze (D:3)
  3 dart slugs
  4 leopard geckos
  6 orcs
  A ball python (D:2)
  4 giant cockroaches
  7 goblins
  6 hobgoblins
  3 jackals (D:3)
  4 quokkas
  8 bats
  2 frilled lizards
  12 kobolds
  A leopard gecko skeleton (D:4)
  A leopard gecko zombie (D:3)
  11 rats
80 creatures vanquished.

Notes
Turn   | Place    | Note
-------+----------+-------------------------------------------
     0 | D:1      | GrunderHorse the Felid Berserker began the quest for the Orb.
     0 | D:1      | Reached XP level 1. HP: 10/10 MP: 2/2
   114 | D:1      | Reached skill level 1 in Stealth
   163 | D:1      | Reached XP level 2. HP: 13/14 MP: 3/3
   731 | D:1      | Reached XP level 3. HP: 17/17 MP: 4/4
   942 | D:2      | Reached ** piety under Trog
  1953 | D:3      | Reached XP level 4. HP: 21/21 MP: 5/5
  2220 | D:3      | Noticed a hand axe
  2220 | D:3      | Noticed a hand axe
  2224 | D:3      | Found a hide-covered altar of Uskayaw.
  2256 | D:3      | Fell from the grace of Trog
  2256 | D:3      | Became a worshipper of Uskayaw the Reveler
  2266 | D:3      | Reached * piety under Uskayaw
  2290 | D:3      | Reached skill level 5 in Dodging
  2290 | D:3      | Reached ** piety under Uskayaw
  2299 | D:3      | Reached *** piety under Uskayaw
  2823 | D:4      | Reached XP level 5. HP: 23/25 MP: 2/6
  2845 | D:4      | Noticed a black bear
  2845 | D:4      | Noticed a black bear
  2845 | D:4      | Noticed a polar bear
  2845 | D:4      | Noticed a black bear
  2845 | D:4      | Noticed a black bear
  2845 | D:4      | Noticed a black bear
  2847 | D:4      | HP: 1/25 [black bear[the rage of Trog] (6)]
  2848 | D:4      | Slain by a black bear
  2849 | D:4      | Reached XP level 4. HP: -2/22 MP: 4/5
  2970 | D:4      | HP: 1/22 [black bear[the rage of Trog] (2)]
  2971 | D:4      | Slain by a black bear

Vault maps used:
D:1:      dpeg_arrival_boxorama, minmay_small_reverse_x
D:2:      minmay_tetromino_l2
D:3:      dancing_weapons_uskayaw, first_ration, kennysheep_generic_room_13
D:4:      minmay_temple_entry_statues, supply_closet_lemuel, minmay_bisected

Skill      XL: |  1  2  3  4 |
---------------+-------------+-----
Stealth        | 1 2 4 |  4.4
Dodging        | 5 |  5.1
Fighting       | |  3.8
Unarmed Combat | |  3.7

Action                   |  1- 3 |  4- 6 || total
-------------------------+-------+-------++-------
Melee: Unarmed           |    74 |    97 ||   171
       Bite              |     3 |     5 ||     8
       Punch             |     3 |     4 ||     7
Invok: Berserk           |     4 |     1 ||     5
       Stomp             |       |     2 ||     2
  Use: Potion            |       |     8 ||     8
       Scroll            |       |     2 ||     2
 Stab: Sleeping          |    16 |     3 ||    19
       Distracted        |       |     2 ||     2
       Paralysed         |       |     1 ||     1
  Eat: Chunk             |    11 |    11 ||    22
Armor: Skin              |     3 |     5 ||     8
Dodge: Dodged            |    58 |   144 ||   202

Table legend:
 A = Non-vault XP
 B = Vault XP
 C = Vault XP percentage of total XP
 D = Non-vault monster count
 E = Vault monster count
 F = Vault count percentage of total count
                 A         B        C        D         E       F
            +---------+---------+-------+---------+---------+-------
      Total |     219 |      27 |  11.0 |      72 |       8 |  10.0
            +---------+---------+-------+---------+---------+-------
        D:1 |      34 |       8 |  19.0 |      22 |       4 |  15.4
        D:2 |      21 |      15 |  41.7 |      10 |       2 |  16.7
        D:3 |      95 |       4 |   4.0 |      33 |       2 |   5.7
        D:4 |      69 |       0 |   0.0 |       7 |       0 |   0.0
            +---------+---------+-------+---------+---------+-------
